 Dungeon Crawl Stone Soup version 0.27.1-33-g824d729ab1 (webtiles) character file.

Game seed: 1946473114528209126

2433 Tigers101 the Conjurer (level 9, 0/68 HPs)
             Began as a Demigod Conjurer on Dec 12, 2021.
             Slain by a death knight (12 damage)
             ... on level 7 of the Dungeon.
             The game lasted 00:43:48 (6712 turns).

Tigers101 the Conjurer (Demigod Conjurer)           Turns: 6712, Time: 00:43:49

Health: 0/68       AC:  7    Str: 12    XL:     9   Next: 4%
Magic:  28/30      EV: 14    Int: 32    God:
Gold:   389        SH:  0    Dex: 18    Spells: 8/19 levels left

rFire    . . .     SeeInvis .   t - +7 long sword of the Unstoppable Cities {venom, Fragile +Blink rN+ Str+4}
rCold    . . .     Faith    .   (no shield)
rNeg     + . .     Spirit   .   a - +0 robe
rPois    .         Reflect  .   f - +1 helmet
rElec    .         Harm     .   v - +2 cloak
rCorr    .         Rampage  .   (no gloves)
Will     .....                  (no boots)
Stlth    +++.......             e - amulet of regeneration
HPRegen  1.21/turn              w - ring of magical power
MPRegen  0.22/turn              C - +6 ring of dexterity

@: flying, slowed, very slow
A: high mp 1, forlorn
a: Evoke Blink


You were on level 7 of the Dungeon.
You visited 1 branch of the dungeon, and saw 7 of its levels.

You collected 389 gold pieces.

Inventory:

Hand Weapons
 c - a +0 club
 j - a +2 flail of protection
 t - the +7 long sword of the Unstoppable Cities (weapon) {venom, Fragile +Blink rN+ Str+4}
   (You found it on level 5 of the Dungeon)

   It poisons the flesh of those it strikes.
   Str:       It affects your strength (+4).
   rN:        It protects you from negative energy.
   +Blink:    It lets you blink.
   Fragile:   It will be destroyed if unequipped.
Armour
 a - a +0 robe (worn)
 b - a scarf of shadows
 f - a +1 helmet (worn)
 v - a +2 cloak (worn)
 y - a +0 barding
Jewellery
 e - an amulet of regeneration (around neck)
 h - an amulet of reflection
 w - a ring of magical power (left hand)
 x - an amulet of magic regeneration
 B - a +4 ring of evasion
 C - a +6 ring of dexterity (right hand)
Wands
 n - a wand of flame (24)
 u - a wand of mindburst (10)
 D - a wand of iceblast (8)
Scrolls
 d - 2 scrolls of amnesia
 i - a scroll of magic mapping
 q - a scroll of torment {unknown}
 r - a scroll of blinking {unknown}
 s - a scroll of summoning {unknown}
Potions
 g - 6 potions of curing
 k - a potion of flight
 m - a potion of might {unknown}
 o - a potion of haste {unknown}
 p - a potion of lignification {unknown}
 z - 2 potions of ambrosia
 A - 2 potions of heal wounds {unknown}


   Skills:
 + Level 2.5 Fighting
 + Level 3.1 Long Blades
 + Level 1.1 Maces & Flails
 + Level 4.9 Dodging
 + Level 4.1 Stealth
 + Level 5.5 Spellcasting
 + Level 7.3 Conjurations
 + Level 0.3 Evocations


You had 8 spell levels left.
You knew the following spells:

 Your Spells              Type           Power      Damage    Failure   Level
a - Magic Dart            Conj           100%       1d8       1%          1
b - Searing Ray           Conj           100%       3d7       1%          2
c - Fulminant Prism       Conj/Hex       16%        3d11      11%         4
d - Iskenderun's Mystic   Conj/Tloc      32%        2d8       11%         4

Your spell library contained the following spells:

 Spells                   Type           Power      Damage    Failure   Level
 Dazzling Flash           Conj/Hex       64%        N/A       3%          3
 Sting                    Tmut/Pois      32%        1d4       4%          1
 Corpse Rot               Necr/Air       N/A        N/A       8%          2
 Poisonous Vapours        Pois/Air       16%        N/A       8%          2
 Dispel Undead            Necr           8%         3d8       43%         4
 Olgreb's Toxic Radiance  Pois           8%         N/A       43%         4
 Death Channel            Necr           4%         N/A       100%        6


Dungeon Overview and Level Annotations

Branches:
Dungeon (7/15)             Temple (0/1) D:5

Annotations:
D:4 exclusion: statue


Innate Abilities, Weirdness & Mutations

Your attributes grow dramatically as you level up.
You have an increased reservoir of magic. (+10% MP)
You shall have no god before yourself.


Message History

Aiming: Searing Ray (safe; 1% risk of failure)
Press: ? - help, Shift-Dir - straight line, f/p - wraith
Aim: a wraith (almost destroyed, 83% to hit)
The searing ray hits the wraith.
The wraith is almost destroyed.
The searing ray hits the death knight!
The death knight is lightly wounded. (Press . to maintain the ray.)
The wraith closely misses you. The wraith hits you.
The wraith drains your vigour!
You feel as though you will be slow longer.
Your surroundings seem slightly different.
The death knight calls down the wrath of Yredelemnul upon you.
Your body is wracked with pain!
You feel very buoyant.
You fly up into the air.
The death knight hits you with a +0 battleaxe!
The wraith hits you but does no damage. The death knight closely misses you.
You riposte.
You barely miss the death knight.
The death knight is lightly wounded.
The death knight offers itself to Yredelemnul, and fills with unholy energy.
The wraith hits you! The wraith hits you but does no damage.
The death knight barely misses you.
You riposte.
You hit the death knight but do no damage.
The death knight is poisoned.
The death knight is lightly wounded.
The death knight reflects your damage back at you!
The wraith hits you! The wraith drains your vigour!
You feel as though you will be slow longer.
The death knight's dark mirror aura disappears.
The death knight reflects your damage back at you!
The death knight barely misses you. The wraith barely misses you.
You riposte.
You hit the wraith but do no damage.
The wraith is almost destroyed.
The death knight hits you with a +0 battleaxe!!
* * * LOW HITPOINT WARNING * * *
The death knight looks more healthy.
The death knight hits you with a +0 battleaxe!
You die...

......p...))............))....
............†..........§....##
............................##
............................##
...####.....########.......###
.. ###..).)### #.......#.'
#....))...# #.......#.#
#.###)###.# ###.......#.# #.
#)# #@# #.........#.# #
#'###p# #.........#.'
+_###W####........####
#'###.............##.. # #.#
#.............##..
#..###.###........#########
#..[...).)........#
###.......).#######
###########


You could see a death knight and a wraith.

Vanquished Creatures
  Grinder (D:3)
  Sigmund (D:3)
  A yak (D:7)
  A wyvern (D:7)
  Menkaure (D:5)
  Edmund (D:4)
  An ice beast (D:6)
  An orc warrior (D:7)
  2 sky beasts (D:4)
  3 ogres
  A kobold brigand (D:7)
  A scorpion (D:4)
  A gnoll sergeant (D:7)
  A centaur zombie (D:7)
  3 hounds
  2 orc priests (D:7)
  A gnoll shaman (D:5)
  2 bullfrog skeletons
  A bullfrog zombie (D:5)
  A centaur skeleton (D:6)
  2 iguanas
  A scorpion zombie (D:5)
  Natasha (twice) (D:3)
  2 hound skeletons
  8 gnolls
  8 adders
  A shadow imp (D:5)
  An ufetubus (D:5)
  3 worms (D:4)
  4 dart slugs
  14 orcs
  5 ball pythons
  3 bats
  10 endoplasms
  3 giant cockroaches
  5 goblins
  7 hobgoblins
  13 jackals
  3 quokkas
  A frilled lizard (D:1)
  10 kobolds
  3 rats
136 creatures vanquished.

Vanquished Creatures (others)
  A fulminant prism (D:7)
1 creature vanquished.

Grand Total: 137 creatures vanquished

Notes
Turn   | Place    | Note
-------+----------+-------------------------------------------
     0 | D:1      | Tigers101 the Demigod Conjurer began the quest for the Orb.
     0 | D:1      | Reached XP level 1. HP: 14/14 MP: 5/5
   101 | D:1      | Reached skill level 4 in Conjurations
   204 | D:1      | Reached XP level 2. HP: 18/20 MP: 4/7
  1104 | D:2      | Reached XP level 3. HP: 26/26 MP: 6/8
  1119 | D:2      | Learned a level 2 spell: Searing Ray
  1891 | D:3      | Noticed Sigmund
  1936 | D:3      | Killed Sigmund
  1937 | D:3      | Reached skill level 5 in Conjurations
  1937 | D:3      | Reached XP level 4. HP: 33/33 MP: 2/11
  1937 | D:3      | Reached XP level 5. HP: 38/38 MP: 2/12
  2409 | D:3      | Noticed Grinder
  2412 | D:3      | Paralysed by Grinder for 2 turns
  2440 | D:3      | Paralysed by Grinder for 2 turns
  2479 | D:3      | Paralysed by Grinder for 2 turns
  2485 | D:3      | Noticed Natasha
  2508 | D:3      | Paralysed by Grinder for 6 turns
  2514 | D:3      | Killed Grinder
  2515 | D:3      | Reached XP level 6. HP: 10/45 MP: 2/14
  2538 | D:3      | Killed Natasha
  2747 | D:3      | Noticed Natasha
  2750 | D:3      | Killed Natasha
  3005 | D:4      | Reached skill level 6 in Conjurations
  3299 | D:4      | Noticed Edmund
  3365 | D:4      | Reached XP level 7. HP: 45/50 MP: 10/16
  3391 | D:4      | Killed Edmund
  4113 | D:5      | Entered Level 5 of the Dungeon
  4152 | D:4      | Reached skill level 1 in Fighting
  4201 | D:5      | Found a staircase to the Ecumenical Temple.
  4458 | D:5      | Identified the +7 long sword of the Unstoppable Cities
                  | {venom, Fragile +Blink rN+ Str+4}
  4680 | D:5      | Reached XP level 8. HP: 59/59 MP: 13/18
  4686 | D:5      | Noticed Menkaure
  4694 | D:5      | Killed Menkaure
  4695 | D:5      | Reached skill level 1 in Maces & Flails
  5323 | D:5      | Reached skill level 5 in Spellcasting
  5323 | D:5      | Reached skill level 7 in Conjurations
  6082 | D:6      | Reached skill level 1 in Long Blades
  6518 | D:7      | Reached XP level 9. HP: 60/68 MP: 12/21
  6520 | D:7      | Noticed a death knight
  6622 | D:7      | Learned a level 4 spell: Fulminant Prism
  6627 | D:7      | Learned a level 4 spell: Iskenderun's Mystic Blast
  6712 | D:7      | Slain by a death knight

Illustrated notes

Levels and vault maps discovered:
D:1:      roderic_chinese_lattice_arrival, layout_basic
D:2:      layout_basic
D:3:      layout_basic, uniq_grinder, uniq_sigmund, uniq_natasha
D:4:      layout_cave_pools, vehumet_statue, nrook_campfire,
          minmay_fractal_squares_diagonal_5, uniq_edmund
D:5:      layout_loops_corners, minmay_temple_entry_arrows,
          serial_co_window_serial, co_window_paths_a,
          co_window_of_opportunity_a, co_window_paths_b, co_window_paths_b,
          co_window_paths_b, co_window_of_opportunity_c, co_window_2corner,
          co_window_of_opportunity_c, co_window_unsneaky_path_d,
          co_window_corner_cb, co_window_cross_3, co_window_2corner,
          co_window_4corner_a, glass_columns_a, glass_columns_b,
          glass_columns_a, glass_columns_a, minmay_bent, uniq_blork_the_orc,
          uniq_menkaure
D:6:      layout_basic
D:7:      layout_basic, lemuel_doored_altar, corexii_corridor_pit,
          hangedman_minor_gate_pass

Skill      XL: |  1  2  3  4  5  6  7  8 |
---------------+-------------------------+-----
Conjurations   | 4 5 6 7 |  7.3
Spellcasting   | 2 3 4 5 |  5.5
Dodging        | 2 4 |  4.9
Stealth        | 2 3 4 |  4.1
Fighting       | 1 2 |  2.5
Maces & Flails | 1 |  1.1
Long Blades    | 3 |  3.1
Evocations     | |  0.3

Action                   |  1- 3 |  4- 6 |  7- 9 || total
-------------------------+-------+-------+-------++-------
Melee: Unarmed           |     2 |       |       ||     2
       Club              |     3 |    22 |     9 ||    34
       Long sword        |       |       |    15 ||    15
 Cast: Magic Dart        |    55 |    35 |    23 ||   113
       Searing Ray       |     8 |    22 |    58 ||    88
       Fulminant Prism   |       |       |     1 ||     1
Evoke: Wand              |       |       |     5 ||     5
  Use: Scroll            |     3 |     1 |     5 ||     9
       Potion            |       |     1 |     4 ||     5
Armor: Robe              |     8 |    12 |    41 ||    61
Dodge: Dodged            |    25 |    45 |   105 ||   175
       Rpst.: Long sword |       |       |    20 ||    20
